 Dungeon Crawl Stone Soup version 0.19.0-24-gb05acd6 (console) character file.

7123 Kloppie the Carver (level 11, -14/54 HPs)
             Began as a Vine Stalker Fighter on Nov 22, 2016.
             Was an Initiate of Hepliaklqana.
             Killed from afar by an ice dragon (22 damage)
             ... with a blast of cold
             ... on level 9 of the Dungeon.
             The game lasted 00:11:25 (7455 turns).

Kloppie the Carver (Vine Stalker Fighter)           Turns: 7455, Time: 00:11:26

Health: -14/54     AC: 11    Str: 24    XL:     11   Next: 10%
Magic:  0/12       EV: 13    Int:  8    God:    Hepliaklqana [......]
Gold:   494        SH:  8    Dex: 16    Spells: 0 memorised, 10 levels left

rFire  . . .     SeeInvis .     a - +0 long sword
rCold  . . .     Gourm    .     b - +1 scale mail
rNeg   . . .     Faith    .     A - +2 buckler
rPois  .         Spirit   +     o - +0 hat
rElec  .         Reflect  .     g - +3 cloak of Nobility {Str+4}
rCorr  .         Harm     .     (no gloves)
MR     +....                    (no boots)
Stlth  ..........               (no amulet)
                                z - ring of wizardry
                                h - +4 ring of evasion

@: no status effects
A: reduced essence, fangs 3, regeneration 1, magic shield, antimagic bite, no
device heal 3, rot immunity
a: Recall Ancestor, Ancestor Identity, Renounce Religion


You were on level 9 of the Dungeon.
You worshipped Hepliaklqana.
Hepliaklqana was noncommittal.
You were not hungry.

You visited 2 branches of the dungeon, and saw 10 of its levels.

You collected 494 gold pieces.

Inventory:

Hand Weapons
 a - a +0 long sword (weapon)
 D - a +0 long sword
Armour
 b - a +1 scale mail (worn)
 c - a +0 shield
 g - the +3 cloak of Nobility (worn) {Str+4}
   (You found it on level 6 of the Dungeon)

   It affects your strength (+4).
 l - a +0 plate armour
 o - a +0 hat (worn)
 A - a +2 buckler (worn)
Jewellery
 h - a +4 ring of evasion (left hand)
 i - an uncursed ring of flight {unknown}
 z - a ring of wizardry (right hand)
Wands
 y - a wand of slowing (24/48)
Scrolls
 e - 4 scrolls of teleportation
 p - 3 scrolls of remove curse
 s - 3 scrolls of magic mapping
Potions
 d - 3 potions of might
 j - a potion of resistance {unknown}
 k - a potion of haste
 n - 4 potions of agility
 r - 5 potions of curing
 t - a potion of heal wounds {unknown}
 u - a potion of ambrosia {unknown}
 w - a potion of brilliance {unknown}
 C - a potion of flight {unknown}
 E - a potion of cure mutation {unknown}
Books
 v - a book of Misfortune

   Spells                             Type                      Level
   a - Confusing Touch                Hexes                        1
   b - Confuse                        Hexes                        3
   c - Gell's Gravitas                Hexes/Translocation          3
   d - Petrify                        Transmutation/Earth          4
   e - Metabolic Englaciation         Hexes/Ice                    5
   f - Yara's Violent Unravelling     Hexes/Transmutation          5
 x - a book of Cantrips

   Spells                             Type                      Level
   a - Confusing Touch                Hexes                        1
   b - Animate Skeleton               Necromancy                   1
   c - Summon Small Mammal            Summoning                    1
   d - Apportation                    Translocation                1
Comestibles
 f - 6 bread rations
 m - a meat ration
 q - 4 beef jerkies
 B - 7 slices of pizza
 F - a chunk of flesh


   Skills:
 + Level 7.8 Fighting
 * Level 12.3 Long Blades
 - Level 2.4 Armour
 - Level 5.9 Shields


You had 10 spell levels left.
You didn't know any spells.

Dungeon Overview and Level Annotations

Branches:
Dungeon (9/15)             Temple (1/1) D:4
   Lair: D:8-11         Orc: D:9-12

Altars:
Ashenzari
Cheibriados
Dithmenos
Elyvilon
Fedhas
Hepliaklqana
Kikubaaqudgha
Makhleb
Nemelex Xobeh
Okawaru
Qazlal
Ru
Sif Muna
Trog
Uskayaw
Vehumet
Xom
Yredelemnul
Zin
The Shining One


Innate Abilities, Weirdness & Mutations

You have razor-sharp teeth.
Your natural rate of healing is unusually fast.
When hurt, damage is shared between your health and your magic reserves.
Your bite disrupts and absorbs the magic of your enemies.
Potions and wands cannot restore your health.
You are immune to rotting.
Your life essence is reduced. (-10% HP)


Message History

The ice dragon claws you but does no damage.
The ice dragon tramples you.
You hold your ground!
The electric eel shoots out a bolt of lightning at you!
The bolt of electricity hits you!
* * * LOW HITPOINT WARNING * * *
You are too injured to fight recklessly!
You are too injured to fight recklessly!
You are too injured to fight recklessly!
Agathoclea hits the ice dragon.
The ice dragon breathes frost at you. The blast of cold hits you!
* * * LOW HITPOINT WARNING * * *
Agathoclea closely misses the ice dragon.
The electric eel shoots out a bolt of lightning at you!
The bolt of electricity hits you!
* * * LOW HITPOINT WARNING * * *
Agathoclea hits the ice dragon but does no damage.
The ice dragon breathes frost at you. The blast of cold hits you!
You die...

......#
#........#
......##
##.......#
.......#
#......##
.#+###.##
#......#
........#
##....##
..>###.## ##R.##
.### #.# #D.# .#
#.# #.## .#####.#
#@# .....#.# ##.#
.#####.# #..#
.#####'## #.##
........#### #.#
........'..# #.#
........##.####.#
........##.##...#
........##....###


You could see the friendly Agathoclea the ancestor and an ice dragon.

Vanquished Creatures
  Gastronok (D:9)
  A hill giant (D:8)
  Grinder (D:3)
  3 hippogriffs
  A wyvern (D:8)
  A yak (D:7)
  A human (D:7)
  3 hogs (D:7)
  A hungry ghost (D:8)
  Menkaure (D:7)
  Duvessa (D:7)
  5 orc warriors
  A sky beast (D:8)
  A black bear (D:8)
  2 phantoms
  2 centaurs
  An ogre (D:7)
  A bullfrog (D:6)
  Dowan (D:7)
  4 howler monkeys
  2 vampire bats (D:9)
  3 electric eels
  3 crimson imps
  9 hounds
  2 centaur skeletons (D:6)
  2 jellies
  6 orc priests
  7 orc wizards
  An iguana (D:7)
  10 worker ants
  4 hound skeletons
  A worker ant zombie (D:5)
  4 gnolls (D:4)
  13 adders
  A shadow imp (D:3)
  An ooze (D:2)
  An adder skeleton (D:6)
  A worm (D:4)
  4 dart slugs
  6 leopard geckos
  26 orcs
  7 bats
  3 bat skeletons (D:9)
  2 bat zombies (D:9)
  8 giant cockroaches
  6 hobgoblins
  5 jackals
  5 kobolds
  6 quokkas
  A ball python (D:4)
  3 frilled lizards
  4 goblins
  A jackal skeleton (D:4)
  A jackal zombie (D:6)
  A quokka zombie (D:6)
  11 rats
204 creatures vanquished.

Vanquished Creatures (collateral kills)
  A sky beast (D:9)
  A necrophage (D:9)
  A crocodile (D:9)
  A jackal (D:9)
4 creatures vanquished.

Vanquished Creatures (others)
  An ancestor (D:9)
1 creature vanquished.

Grand Total: 209 creatures vanquished

Notes
Turn   | Place    | Note
-------+----------+-------------------------------------------
     0 | D:1      | Kloppie the Vine Stalker Fighter began the quest for the Orb.
     0 | D:1      | Reached XP level 1. HP: 11/11 MP: 2/2
   118 | D:1      | Reached skill level 2 in Long Blades
   145 | D:1      | Reached XP level 2. HP: 12/16 MP: 3/3
   451 | D:1      | Reached XP level 3. HP: 18/20 MP: 4/4
   750 | D:2      | Found a faded altar of an unknown god.
   786 | D:2      | Reached skill level 3 in Long Blades
   951 | D:2      | Gained mutation: Your natural rate of healing is unusually fast. [Vine Stalker growth]
   951 | D:2      | Reached XP level 4. HP: 22/24 MP: 5/5
  1564 | D:3      | Noticed Grinder
  1572 | D:3      | HP: 1/24 [Grinder (7)]
  1573 | D:3      | Killed Grinder
  1573 | D:3      | Reached skill level 4 in Long Blades
  1573 | D:3      | Reached XP level 5. HP: 1/29 MP: 0/6
  1573 | D:3      | Reached XP level 6. HP: 2/33 MP: 0/7
  1681 | D:3      | Reached skill level 5 in Long Blades
  2196 | D:4      | Reached XP level 7. HP: 32/38 MP: 8/8
  2553 | D:4      | Found a staircase to the Ecumenical Temple.
  2709 | D:5      | Entered Level 5 of the Dungeon
  2806 | D:4      | Reached skill level 6 in Long Blades
  2889 | D:5      | Reached skill level 5 in Fighting
  3056 | D:5      | Gained mutation: You have razor-sharp teeth. [Vine Stalker growth]
  3056 | D:5      | Reached XP level 8. HP: 31/43 MP: 4/9
  3349 | D:5      | Found a snail-covered altar of Cheibriados.
  3517 | D:6      | Found a shadowy altar of Dithmenos.
  3643 | D:6      | Reached skill level 7 in Long Blades
  3943 | D:6      | Got a pitted cloak
  3955 | D:6      | Identified the +3 cloak of Nobility {Str+4} (You found it on level 6 of the Dungeon)
  3966 | D:6      | Noticed a moth of wrath
  3968 | D:6      | Found a bloodstained altar of Trog.
  4312 | D:6      | Found a deep blue altar of Sif Muna.
  4461 | D:7      | Noticed Menkaure
  4466 | D:7      | Killed Menkaure
  4466 | D:7      | Reached skill level 8 in Long Blades
  4565 | D:7      | Noticed a yak
  4574 | D:7      | Reached XP level 9. HP: 37/47 MP: 10/10
  4582 | D:7      | Reached skill level 9 in Long Blades
  4592 | D:7      | Reached skill level 5 in Shields
  4849 | D:7      | Noticed Dowan
  4851 | D:7      | Noticed Duvessa
  4869 | D:7      | Killed Duvessa
  4889 | D:7      | Killed Dowan
  4889 | D:7      | Reached skill level 10 in Long Blades
  4948 | D:7      | Found a sacrificial altar of Ru.
  5046 | D:7      | Found a burning altar of Makhleb.
  5293 | D:8      | Reached XP level 10. HP: 45/53 MP: 9/11
  5406 | D:8      | Noticed a hill giant
  5417 | D:8      | Killed a hill giant
  5662 | D:8      | Reached skill level 11 in Long Blades
  5723 | D:8      | Found a white marble altar of Elyvilon.
  6249 | Temple   | Entered the Ecumenical Temple
  6339 | Temple   | Became a worshipper of Hepliaklqana the Forgotten
  6510 | D:9      | Found a deep blue altar of Sif Muna.
  6555 | D:9      | Noticed Gastronok
  6568 | D:9      | Killed Gastronok
  6568 | D:9      | Reached skill level 12 in Long Blades
  6629 | D:9      | Noticed an ice dragon
  6812 | D:9      | Reached XP level 11. HP: 52/52 MP: 12/12
  7026 | D:9      | Found a glowing golden altar of the Shining One.
  7206 | D:9      | Found an ancient bone altar of Kikubaaqudgha.
  7286 | D:9      | Found a basalt altar of Yredelemnul.
  7455 | D:9      | Killed from afar by an ice dragon

Skill      XL: |  1  2  3  4  5  6  7  8  9 10 |
---------------+-------------------------------+-----
Long Blades    | 2 3 4 5 6 8 10 12 | 12.3
Fighting       | 3 4 5 7 |  7.8
Shields        | 4 5 |  5.9
Armour         | |  2.4

Action                   |  1- 3 |  4- 6 |  7- 9 | 10-12 || total
-------------------------+-------+-------+-------+-------++-------
Melee: Long sword        |    82 |    80 |   307 |   186 ||   655
       Bite              |    25 |    29 |   152 |    92 ||   298
Evoke: Wand              |       |       |       |     1 ||     1
  Use: Potion            |       |     1 |       |       ||     1
       Scroll            |       |     1 |    15 |     2 ||    18
 Stab: Distracted        |       |       |       |     2 ||     2
  Eat: Chunk             |       |     4 |    11 |     9 ||    24
Armor: Scale mail        |    45 |    15 |    77 |    52 ||   189
Dodge: Dodged            |    36 |    28 |   146 |    75 ||   285
Block: Shield            |    36 |    28 |    49 |       ||   113
       Buckler           |       |       |    53 |    69 ||   122
       Rpst.: Long sword |    12 |    14 |    42 |    19 ||    87
